 Dungeon Crawl Stone Soup version 0.28-a0-8-g6e044cfa68 (webtiles) character file.

Game seed: 15995209102240463064

23 Sobieck the Ducker (level 2, 0/12 HPs)
             Began as a Felid Earth Elementalist on July 23, 2021.
             Slain by a hobgoblin (2 damage)
             ... on level 2 of the Dungeon.
             The game lasted 00:03:04 (1445 turns).

Sobieck the Ducker (Felid Earth Elementalist)       Turns: 1445, Time: 00:03:04

Health: 0/12       AC:  1    Str:  4    XL:     2   Next: 75%
Magic:  5/6        EV: 17    Int: 16    God:
Gold:   57         SH:  0    Dex: 16    Spells: 2/5 levels left
                                        Lives:  0   Deaths: 0

rFire   . . .      SeeInvis +   (weapon unavailable)
rCold   . . .      Faith    .   (shield unavailable)
rNeg    . . .      Spirit   .   (armour unavailable)
rPois   .          Reflect  .   (helmet unavailable)
rElec   .          Harm     .   (cloak unavailable)
rCorr   .          Rampage  .   (gloves unavailable)
Will    .....                   (boots unavailable)
Stlth   ++........              (no amulet)
HPRegen 0.04/turn               (no ring)
MPRegen 0.10/turn               (no ring)

@: quick
A: very small, claws 1, fangs 3, see invisible, speed 1, shaggy fur 1, stealthy
paws, no weapons or thrown items, no armour, multi-lived
a: no special abilities


You were on level 2 of the Dungeon.
You visited 1 branch of the dungeon, and saw 2 of its levels.

You collected 57 gold pieces.


Innate Abilities, Weirdness & Mutations

You have sharp claws.
You have razor-sharp teeth.
You have supernaturally acute eyesight. (SInv)
You cover ground quickly. (Speed+)
You are covered in fur. (AC +1)
Your paws help you pounce on unaware monsters.
You are incapable of wielding weapons or throwing items.
You cannot wear armour.
You gain extra lives every three experience levels.


   Skills:
 + Level 0.5 Fighting
 + Level 3.1 Dodging
 + Level 3.0 Stealth
 + Level 0.7 Unarmed Combat
 - Level 2.0 Spellcasting
 + Level 1.5 Transmutations
 + Level 2.9 Earth Magic


You had 2 spell levels left.
You knew the following spells:

 Your Spells              Type           Power      Damage    Failure   Level
a - Sandblast             Erth           22%        2d7       6%          1
b - Passwall              Tmut/Erth      6%         N/A       12%         2

Your spell library contained the following spells:

 Spells                   Type           Power      Damage    Failure   Level
 Stone Arrow              Conj/Erth      12%        3d7       34%         3
 Conjure Flame            Conj/Fire      1%         6-21      52%         3
 Swiftness                Air            1%         N/A       52%         3
 Petrify                  Tmut/Erth      8%         N/A       63%         4
 Maxwell's Capacitive Co  Air            0%         ∞         100%        8

Inventory:

Missiles
 b - 83 stones {throwing}
Scrolls
 a - a scroll of enchant weapon {unknown}
 d - a scroll of amnesia {unknown}
 e - a scroll of fog {unknown}
 g - a scroll of fear {unknown}
Potions
 c - a potion of mutation {unknown}
 f - a potion of magic {unknown}
 h - a potion of invisibility {unknown}
 i - 2 potions of attraction {unknown}

Dungeon Overview and Level Annotations

Branches:
Dungeon (2/15)

Altars:

## .# .# .##
##..# #<..##
##@g..#
.#####...#....#
.........# ...#
.........# ..#
..............#
..............#
..............#
.$............#
###...........#


You could see a hobgoblin.


Message History

Nothing appears to happen. 😎 MP[-2]
You lost 2 mp, and now have 2/6 mp.
You start resting.
Your magical contamination has completely faded away. 😎 MP[+1]
You start resting. 😎 MP[+3]
Your mp is fully restored (6).
Casting: Passwall (safe; 13% risk of failure)
Confirm with . or Enter, or press ? or * to list all spells.
Aiming: Passwall (safe; 13% risk of failure)
Press: ? - help, Dir - move target A rock wall.
You begin to meditate on the wall.
You continue meditating on the rock. x2
You finish merging with the rock. 😎 MP[-2]
You lost 2 mp, and now have 4/6 mp.
The helpless rat fails to defend itself.
You claw the rat!
You kill the rat!
You pounce on the unaware helpless ball python!
You claw the ball python!
You kill the ball python!
Your Stealth skill increases to level 3!
You start resting. 😎 MP[+2]
Your mp is fully restored (6).
You see here a rat corpse. 2 jackals come into view.
You pounce on the unaware helpless jackal!
You claw the jackal!
You kill the jackal!
You see here a jackal corpse.
You pounce on the unaware helpless jackal!
You claw the jackal!
You kill the jackal!
You see here a jackal corpse.
A goblin comes into view. It is wielding a +0 dagger.
The goblin shouts!
You closely miss the goblin.
The goblin hits you with a +0 dagger. 😮 HP[-3]
You take 3 damage, and now have 9/12 hp.
MASSIVE DAMAGE!! (PAUSE)
You scratch the goblin.
You kill the goblin!
Things that are here:
a +0 dagger {short}; a goblin corpse You start resting. 😎 HP[+3]
Your hp is fully restored (12).
There is a stone staircase leading down here.
You see here a +0 dagger {short}.
You see here a +0 dagger {short}.
You see here a +0 dagger {short}.
i - 2 fizzy coppery potions You see here a +0 hunting sling {sling}.
A bat comes into view.
You scratch the bat.
You kill the bat!
No target in view!
Done exploring.
Done exploring.
(D) Dungeon
Where to? (? - help)
You see here a +0 leather armour.
There is a stone staircase leading down here.
You climb downwards.
A hobgoblin comes into view.
There is a stone staircase leading up here.
A ball python comes into view.
The ball python hisses angrily.
There is a stone staircase leading up here.
The ball python barely misses you. The ball python grabs you.
You stop ascending the stairs.
The ball python constricts you.
The hobgoblin barely misses you. 😕 HP[-1]
You take 1 damage, and now have 11/12 hp.
You scratch the ball python.
You kill the ball python!
The hobgoblin closely misses you. The hobgoblin closely misses you.
You see here a ball python corpse.
You closely miss the hobgoblin. The hobgoblin hits you. 😮 HP[-4]
You take 4 damage, and now have 7/12 hp.
MASSIVE DAMAGE!! (PAUSE)
You scratch the hobgoblin. The hobgoblin hits you.
* * * LOW HITPOINT WARNING * * *
😱 HP[-5]
You take 5 damage, and now have 2/12 hp.
MASSIVE DAMAGE!! (PAUSE)
Casting: Passwall (safe; 12% risk of failure)
Confirm with . or Enter, or press ? or * to list all spells.
Aiming: Sandblast (safe; 6% risk of failure)
Press: ? - help, Shift-Dir - straight line, f - hobgoblin
Aim: a hobgoblin (moderately wounded, 79% to hit)
The blast of sand hits the hobgoblin.
The hobgoblin hits you.
You die...

Skill      XL: |  1  2 |
---------------+-------+-----
Dodging        | 3 |  3.1
Stealth        | 3 |  3.0
Fighting       | |  0.5
Unarmed Combat | |  0.7
Spellcasting   | |  2.0
Transmutations | |  1.5
Earth Magic    | |  2.9

Action                   || total
-------------------------++-------
Melee: Unarmed           ||    36
 Cast: Sandblast         ||     9
       Passwall          ||     1
 Stab: Sleeping          ||     7
Armor: Skin              ||     4
Dodge: Dodged            ||    24

Levels and vault maps discovered:
D:1:      dpeg_arrival_arbitrary_a, layout_loops_ring, basic_ecumenical_altar
D:2:      layout_rooms, serial_shops, shop, minmay_hexomino_c4

Notes
Turn   | Place    | Note
-------+----------+-------------------------------------------
     0 | D:1      | Sobieck the Felid Earth Elementalist began the quest for
                  | the Orb.
     0 | D:1      | Reached XP level 1. HP: 7/7 MP: 4/4
     0 | D:1      | magus.rc [v1.9.6]
   245 | D:1      | Found a faded altar of an unknown god.
   249 | D:1      | Reached XP level 2. HP: 9/12 MP: 6/6
   317 | D:1      | Learned a level 2 spell: Passwall
   336 | D:1      | You add the spells Swiftness, Conjure Flame and Maxwell's
                  | Capacitive Coupling to your library.
   336 | D:1      | Got Gomyunoi's Guide on Weightlessness and Conjuration
                  | {@e2}
   683 | D:1      | Reached skill level 3 in Dodging
  1038 | D:1      | Reached skill level 3 in Stealth
  1444 | D:2      | HP: 2/12 [hobgoblin (5)]
  1445 | D:2      | Slain by a hobgoblin

Vanquished Creatures
  An endoplasm (D:1)
  A giant cockroach (D:1)
  3 goblins (D:1)
  3 hobgoblins (D:1)
  2 jackals (D:1)
  3 ball pythons
  3 bats (D:1)
  A frilled lizard (D:1)
  A kobold (D:1)
  4 rats (D:1)
22 creatures vanquished.

Table legend:
 A = Non-vault XP
 B = Vault XP
 C = Vault XP percentage of total XP
 D = Non-vault monster count
 E = Vault monster count
 F = Vault count percentage of total count
                 A         B        C        D         E       F
            +---------+---------+-------+---------+---------+-------
      Total |      34 |       0 |   0.0 |      22 |       0 |   0.0
            +---------+---------+-------+---------+---------+-------
        D:1 |      33 |       0 |   0.0 |      21 |       0 |   0.0
        D:2 |       1 |       0 |   0.0 |       1 |       0 |   0.0
            +---------+---------+-------+---------+---------+-------

Illustrated notes

Table legend:
 A = Kills in this place as a percentage of kills in entire the game.
 B = Kills by you in this place as a percentage of kills by you in the entire game.
 C = Kills by friends in this place as a percentage of kills by friends in the entire game.
 D = Other kills in this place as a percentage of other kills in the entire game.
 E = Experience gained in this place as a percentage of experience gained in the entire game.
 F = Experience gained in this place divided by the number of levels of this place that you have seen.
                   A       B       C       D       E      F
               +-------+-------+-------+-------+-------+----------------------
         Total | 100.0 | 100.0 |   N/A |   N/A | 100.0 |  17.0
       Dungeon | 100.0 | 100.0 |   N/A |   N/A | 100.0 |  17.0
               +-------+-------+-------+-------+-------+----------------------

Table legend: (Time is in decaauts)
 A = Elapsed time spent in this place.
 B = Non-inter-level travel time spent in this place.
 C = Inter-level travel time spent in this place.
 D = Time resting spent in this place.
 E = Time spent auto-exploring this place.
 F = Levels seen in this place.
 G = Mean time per level.
                   A        B        C        D        E       F      G
               +--------+--------+--------+--------+--------+-----+--------+
         Total |   1289 |   1277 |     12 |    501 |    622 |   2 |  644.5 |
       Dungeon |   1289 |   1277 |     12 |    501 |    622 |   2 |  644.5 |
               +--------+--------+--------+--------+--------+-----+--------+

Top non-repeatable levels by time:
     D:1: 1276 daAuts
     D:2: 12 daAuts
